XFBL
CLEVELAND SPIDERS @ MILWAUKEE BREWERS
07/29/1982
 
TOP OF THE 1ST
Cleveland Spiders batting - Pitching for Milwaukee Brewers : LHP Tom Underwood
Pitching: LHP Tom Underwood
Batting: RHB Tom Brunansky 0-0: Called Strike
0-1: Called Strike
0-2: Foul Ball, location: 2F
0-2: Ball
1-2: Ball
2-2: Ground out 4-3 (Groundball, 4, EV 100.0 MPH)
Batting: SHB Bump Wills 0-0: SINGLE (Groundball, 6MD, EV 106.3 MPH)
Batting: RHB Gary Gaetti 0-0: Called Strike
0-1: Ball
1-1: Ball
2-1: Fly out, F7 (Flyball, 7LM, EV 85.0 MPH)
Batting: SHB Salvador Perez 0-0: Ball
1-0: Ball
2-0: Called Strike
2-1: Called Strike
2-2: Foul Ball, location: 2F
2-2: Foul Ball, location: 2F
2-2: Strikes out swinging
Top of the 1st over - 0 runs, 1 hit, 0 errors, 1 left on base; Cleveland 0 - Milwaukee 0
BOTTOM OF THE 1ST
Milwaukee Brewers batting - Pitching for Cleveland Spiders : RHP Roger Erickson
Pitching: RHP Roger Erickson
Batting: RHB Steve Sax 0-0: Called Strike
0-1: SINGLE (Groundball, 56D, EV 106.3 MPH)
Batting: LHB Von Hayes 0-0: Ball
1-0: Foul Ball, location: 2F
1-1: Fielders Choice at 2nd, 6-4 (Groundball, 6, EV 77.5 MPH)
Batting: SHB Eddie Murray 0-0: Foul Ball, location: 2F
0-1: Fly out, F9 (Flyball, 9LS, EV 85.0 MPH)
Batting: RHB Mike Schmidt 0-0: Called Strike
0-1: Called Strike
0-2: Ball
Von Hayes steals 2nd base
1-2: Ball
2-2: Ground out 6-3 (Groundball, 4M, EV 82.5 MPH)
Bottom of the 1st over - 0 runs, 1 hit, 0 errors, 1 left on base; Cleveland 0 - Milwaukee 0
TOP OF THE 2ND
Cleveland Spiders batting - Pitching for Milwaukee Brewers : LHP Tom Underwood
Batting: RHB Clayton Elliott 0-0: Ball
1-0: Ball
2-0: Ball
3-0: Base on Balls
Batting: RHB Alan Trammell 0-0: Ball
1-0: Swinging Strike
1-1: Ball
2-1: Foul Ball, location: 2F
2-2: Ball
3-2: Fly out, F5 (Popup, 5SF, EV 64.4 MPH)
Batting: RHB Cressy Pratt 0-0: SINGLE (Flyball, 5D, EV 86.9 MPH)
Clayton Elliott to second
Batting: RHB Kevin Bell 0-0: Called Strike
0-1: Foul Ball, location: 2F
0-2: Ball
1-2: SINGLE (Groundball, 6MD, EV 94.4 MPH)
Clayton Elliott to third
Cressy Pratt to second
Runner from 3rd tries for Home, SAFE, throw by CF to home
Batting: RHB Lance Parrish 0-0: Foul Ball, location: 2F
0-1: Ball
1-1: Foul Ball, location: 2F
1-2: Fly out, F7 (Flyball, 78D, EV 86.9 MPH)
Batting: RHB Tom Brunansky 0-0: Called Strike
0-1: Fielders Choice at 2nd, 6-4 (Groundball, 6, EV 82.5 MPH)
Top of the 2nd over - 1 run, 2 hits, 0 errors, 2 left on base; Cleveland 1 - Milwaukee 0
BOTTOM OF THE 2ND
Milwaukee Brewers batting - Pitching for Cleveland Spiders : RHP Roger Erickson
Batting: LHB Denny Walling 0-0: Fly out, F8 (Flyball, 8RXD, EV 93.1 MPH)
Batting: RHB Thurman Munson 0-0: Ball
1-0: SINGLE (Line Drive, 9LS, EV 98.8 MPH)
Batting: LHB Al Oliver 0-0: Ball
1-0: Ball
2-0: Swinging Strike
2-1: Ball
3-1: SINGLE (Groundball, 4MD, EV 106.9 MPH)
Thurman Munson to second
Runner from 2nd tries for 3rd, SAFE, throw by CF made to third
Batting: RHB Ken Landreaux 0-0: Called Strike
0-1: Called Strike
0-2: DOUBLE (Line Drive, 9LS, EV 91.3 MPH)
Thurman Munson scores
Al Oliver to third
Runner from 3rd tries for Home, SAFE, throw by RF to home
Batting: SHB Alfredo Griffin 0-0: Ground out 1-3 (Groundball, 15S, EV 71.3 MPH)
Batting: RHB Steve Sax 0-0: Foul Ball, location: 2F
0-1: Foul Ball, location: 2F
0-2: Reached via error on a dropped throw from SS, E3 (Groundball, 6M, EV 83.1 MPH)
Ken Landreaux to third
Batting: LHB Von Hayes 0-0: Ball
1-0: Called Strike
1-1: Ball
2-1: Foul Ball, location: 2F
2-2: Ball
3-2: Base on Balls
Steve Sax to second
Batting: SHB Eddie Murray 0-0: Fly out, F8 (Flyball, 78M, EV 88.8 MPH)
Bottom of the 2nd over - 2 runs, 3 hits, 1 error, 3 left on base; Cleveland 1 - Milwaukee 2
TOP OF THE 3RD
Cleveland Spiders batting - Pitching for Milwaukee Brewers : LHP Tom Underwood
Batting: SHB Bump Wills 0-0: Foul Ball, location: 2F
0-1: Ball
1-1: Ball
2-1: Foul Ball, location: 2F
2-2: Strikes out swinging
Batting: RHB Gary Gaetti 0-0: Fly out, F8 (Flyball, 8LS, EV 88.8 MPH)
Batting: SHB Salvador Perez 0-0: Fly out, F9 (Flyball, 9S, EV 91.9 MPH)
Top of the 3rd over - 0 runs, 0 hits, 0 errors, 0 left on base; Cleveland 1 - Milwaukee 2
BOTTOM OF THE 3RD
Milwaukee Brewers batting - Pitching for Cleveland Spiders : RHP Roger Erickson
Batting: RHB Mike Schmidt 0-0: Ground out 6-3 (Groundball, 6, EV 96.3 MPH)
Batting: LHB Denny Walling 0-0: Ball
1-0: Fly out, F8 (Line Drive, 8RD, EV 89.4 MPH)
Batting: RHB Thurman Munson 0-0: Foul Ball, location: 2F
0-1: Fly out, F3 (Flyball, 3D, EV 88.1 MPH)
Bottom of the 3rd over - 0 runs, 0 hits, 0 errors, 0 left on base; Cleveland 1 - Milwaukee 2
TOP OF THE 4TH
Cleveland Spiders batting - Pitching for Milwaukee Brewers : LHP Tom Underwood
Batting: RHB Clayton Elliott 0-0: Called Strike
0-1: Swinging Strike
0-2: Ball
1-2: Foul Ball, location: 2F
1-2: Fly out, F7 (Flyball, 7LD, EV 105.0 MPH)
Batting: RHB Alan Trammell 0-0: Reached on error, E6 (Groundball, 6MS, EV 85.0 MPH)
Batting: RHB Cressy Pratt 0-0: Called Strike
Alan Trammell steals 2nd base
0-1: Ball
1-1: Ball
2-1: Foul Ball, location: 2F
2-2: Ball
3-2: Base on Balls
Batting: RHB Kevin Bell 0-0: Foul Ball, location: 2F
0-1: Foul Ball, location: 2F
0-2: Foul Ball, location: 2F
0-2: Strikes out swinging
Batting: RHB Lance Parrish 0-0: Ball
1-0: Ball
2-0: Ball
3-0: Base on Balls
Alan Trammell to third
Cressy Pratt to second
Batting: RHB Tom Brunansky 0-0: Ball
1-0: Ball
2-0: Fly out, F8 (Flyball, 8RXD, EV 96.3 MPH)
Top of the 4th over - 0 runs, 0 hits, 1 error, 3 left on base; Cleveland 1 - Milwaukee 2
BOTTOM OF THE 4TH
Milwaukee Brewers batting - Pitching for Cleveland Spiders : RHP Roger Erickson
Batting: LHB Al Oliver 0-0: SINGLE (Line Drive, 9LS, EV 91.9 MPH)
Batting: RHB Ken Landreaux 0-0: DOUBLE (Flyball, 78D, EV 98.8 MPH)
Al Oliver to third
Batting: SHB Alfredo Griffin 0-0: Fly out, F7 (Flyball, 7S, EV 90.0 MPH)
Batting: RHB Steve Sax 0-0: Called Strike
0-1: Called Strike
0-2: SINGLE (Groundball, 3D, EV 96.3 MPH)
Al Oliver scores
Ken Landreaux to third
Runner from 3rd tries for Home, SAFE, throw by RF to home
Steve Sax to second
Batting: LHB Von Hayes 0-0: Ball
Steve Sax steals 3rd base (no throw)
1-0: Called Strike
1-1: Ball
2-1: Ball
3-1: Base on Balls
Batting: SHB Eddie Murray 0-0: Ball
Von Hayes steals 2nd base
1-0: Fly out, F7 (Flyball, 78XD, EV 88.1 MPH)
Runner from 3rd tags up, SCORES, no throw by LF
Von Hayes to third
Batting: RHB Mike Schmidt 0-0: Ball
1-0: Ball
2-0: Ball
3-0: Called Strike
3-1: Swinging Strike
3-2: Base on Balls
Pitching: LHP Gary Williams
Batting: LHB Denny Walling 0-0: Fly out, F9 (Line Drive, 9D, EV 93.1 MPH)
Bottom of the 4th over - 3 runs, 3 hits, 0 errors, 2 left on base; Cleveland 1 - Milwaukee 5
TOP OF THE 5TH
Cleveland Spiders batting - Pitching for Milwaukee Brewers : LHP Tom Underwood
Batting: SHB Bump Wills 0-0: Ball
1-0: Ball
2-0: Called Strike
2-1: Ball
3-1: Foul Ball, location: 2F
3-2: SINGLE (Groundball, P, EV 81.9 MPH) (infield hit)
Batting: RHB Gary Gaetti 0-0: SINGLE (Groundball, 4M, EV 96.9 MPH) (infield hit)
Bump Wills to second
Batting: SHB Salvador Perez 0-0: Called Strike
0-1: Ball
1-1: Called Strike
1-2: Ball
2-2: SINGLE (Line Drive, 78S, EV 95.6 MPH)
Bump Wills to third
Gary Gaetti to second
Runner from 3rd tries for Home, SAFE, throw by LF to home
Batting: RHB Clayton Elliott 0-0: Ball
1-0: Grounds into double play, 6-4-3 (Groundball, 6, EV 87.5 MPH)
Gary Gaetti to third
Batting: RHB Alan Trammell 0-0: Ball
1-0: Fly out, F7 (Flyball, 7LM, EV 82.5 MPH)
Top of the 5th over - 1 run, 3 hits, 0 errors, 1 left on base; Cleveland 2 - Milwaukee 5
BOTTOM OF THE 5TH
Milwaukee Brewers batting - Pitching for Cleveland Spiders : LHP Gary Williams
Batting: RHB Thurman Munson 0-0: Ball
1-0: Called Strike
1-1: Ball
2-1: Ground out 5-3 (Groundball, 56S, EV 64.4 MPH)
Batting: LHB Al Oliver 0-0: Ball
1-0: Called Strike
1-1: Ball
2-1: Ball
3-1: Base on Balls
Batting: RHB Ken Landreaux 0-0: Ball
1-0: Called Strike
1-1: Ball
2-1: Swinging Strike
2-2: Fielders Choice at 2nd, 3-6 (Groundball, 34S, EV 82.5 MPH)
Batting: SHB Alfredo Griffin 0-0: Ball
1-0: Ball
2-0: Foul Ball, location: 2F
2-1: Called Strike
2-2: SINGLE (Groundball, 34, EV 96.9 MPH)
Ken Landreaux to second
Runner from 2nd tries for 3rd, SAFE, no throw by RF
Batting: RHB Steve Sax 0-0: Ball
1-0: Swinging Strike
1-1: Foul Ball, location: 2F
1-2: Foul Ball, location: 2F
1-2: Fly out, F4 (Popup, 4M, EV 55.6 MPH)
Bottom of the 5th over - 0 runs, 1 hit, 0 errors, 2 left on base; Cleveland 2 - Milwaukee 5
TOP OF THE 6TH
Cleveland Spiders batting - Pitching for Milwaukee Brewers : LHP Tom Underwood
Batting: RHB Cressy Pratt 0-0: Called Strike
0-1: Called Strike
0-2: Strikes out looking
Batting: RHB Kevin Bell 0-0: Ball
1-0: Called Strike
1-1: SINGLE (Flyball, 9LS, EV 85.6 MPH)
Batting: RHB Lance Parrish 0-0: Ball
1-0: Called Strike
1-1: Ball
2-1: Fly out, F7 (Flyball, 7D, EV 103.1 MPH)
Batting: RHB Tom Brunansky 0-0: Ball
1-0: Called Strike
1-1: Foul Ball, location: 2F
1-2: Ball
2-2: Ball
3-2: Fly out, F8 (Line Drive, 8LM, EV 96.9 MPH)
Top of the 6th over - 0 runs, 1 hit, 0 errors, 1 left on base; Cleveland 2 - Milwaukee 5
BOTTOM OF THE 6TH
Milwaukee Brewers batting - Pitching for Cleveland Spiders : LHP Gary Williams
Batting: LHB Von Hayes 0-0: Called Strike
0-1: Called Strike
0-2: Ball
1-2: Ball
2-2: Ball
3-2: Foul Ball, location: 2F
3-2: SINGLE (Flyball, 34D, EV 91.9 MPH) - OUT at second base trying to stretch hit.
Batting: SHB Eddie Murray 0-0: Swinging Strike
0-1: Ball
1-1: Swinging Strike
1-2: Ball
2-2: SINGLE (Line Drive, 9S, EV 111.9 MPH)
Batting: RHB Mike Schmidt Pickoff Throw to First - Out! 1-3
0-0: DOUBLE (Flyball, 78D, EV 111.9 MPH)
Batting: LHB Denny Walling 0-0: Ball
1-0: Ball
2-0: Foul Ball, location: 2F
2-1: Foul Ball, location: 2F
2-2: SINGLE (Flyball, 89S, EV 84.4 MPH)
Mike Schmidt to third
Runner from 3rd tries for Home, SAFE, throw by RF to home
Denny Walling to second
Batting: RHB Thurman Munson 0-0: Ball
1-0: Called Strike
1-1: Swinging Strike
1-2: Ball
Wild Pitch!
Denny Walling to third
2-2: Fly out, F8 (Flyball, 8LS, EV 91.3 MPH)
Bottom of the 6th over - 1 run, 4 hits, 0 errors, 1 left on base; Cleveland 2 - Milwaukee 6
TOP OF THE 7TH
Cleveland Spiders batting - Pitching for Milwaukee Brewers : LHP Tom Underwood
Batting: SHB Bump Wills 0-0: Called Strike
0-1: Ball
1-1: Fly out, F8 (Flyball, 8LD, EV 96.3 MPH)
Batting: RHB Gary Gaetti 0-0: Fly out, F7 (Flyball, 78XD, EV 98.1 MPH)
Batting: SHB Salvador Perez 0-0: Ball
1-0: Ball
2-0: Ground out 6-3 (Groundball, 6M, EV 103.8 MPH)
Top of the 7th over - 0 runs, 0 hits, 0 errors, 0 left on base; Cleveland 2 - Milwaukee 6
BOTTOM OF THE 7TH
Milwaukee Brewers batting - Pitching for Cleveland Spiders : LHP Gary Williams
Batting: LHB Al Oliver 0-0: SINGLE (Groundball, 4D, EV 96.3 MPH)
Batting: RHB Ken Landreaux 0-0: Fly out, F9 (Flyball, 89D, EV 94.4 MPH)
Batting: SHB Alfredo Griffin 0-0: Ball
1-0: Foul Ball, location: 2F
1-1: Swinging Strike
1-2: Strikes out swinging
Pitching: RHP Jack Lazorko
Batting: RHB Steve Sax 0-0: Called Strike
0-1: Ball
1-1: Ball
2-1: Foul Ball, location: 2F
2-2: Ground out 4-3 (Groundball, 4, EV 101.9 MPH)
Bottom of the 7th over - 0 runs, 1 hit, 0 errors, 1 left on base; Cleveland 2 - Milwaukee 6
TOP OF THE 8TH
Cleveland Spiders batting - Pitching for Milwaukee Brewers : LHP Tom Underwood
Batting: RHB Clayton Elliott 0-0: Ball
1-0: Ball
2-0: Ball
3-0: Base on Balls
Batting: RHB Alan Trammell 0-0: Grounds into double play, 6-4-3 (Groundball, 6MD, EV 99.4 MPH)
Batting: RHB Cressy Pratt 0-0: Swinging Strike
0-1: Foul Ball, location: 2F
0-2: Ground out 6-3 (Groundball, 56, EV 82.5 MPH)
Top of the 8th over - 0 runs, 0 hits, 0 errors, 0 left on base; Cleveland 2 - Milwaukee 6
BOTTOM OF THE 8TH
Milwaukee Brewers batting - Pitching for Cleveland Spiders : RHP Jack Lazorko
Batting: LHB Von Hayes 0-0: Fly out, F7 (Flyball, 7LD, EV 105.0 MPH)
Batting: SHB Eddie Murray 0-0: Foul Ball, location: 2F
0-1: Foul Ball, location: 2F
0-2: Ball
1-2: Ball
2-2: Strikes out swinging
Batting: RHB Mike Schmidt 0-0: Ball
1-0: Ball
2-0: Ball
3-0: Called Strike
3-1: Fly out, F9 (Flyball, 89XD, EV 106.9 MPH)
Bottom of the 8th over - 0 runs, 0 hits, 0 errors, 0 left on base; Cleveland 2 - Milwaukee 6
TOP OF THE 9TH
Cleveland Spiders batting - Pitching for Milwaukee Brewers : LHP Tom Underwood
Batting: RHB Kevin Bell 0-0: Ball
1-0: Swinging Strike
1-1: Fly out, F4 (Popup, 4M, EV 71.3 MPH)
Batting: RHB Lance Parrish 0-0: Called Strike
0-1: Fly out, F2 (Popup, 3SF, EV 86.3 MPH)
Batting: RHB Tom Brunansky 0-0: Fly out, F7 (Flyball, 78XD, EV 105.0 MPH)
Top of the 9th over - 0 runs, 0 hits, 0 errors, 0 left on base; Cleveland 2 - Milwaukee 6
Wednesday, August 19th, 2020 - OOTP Baseball 21.5 Build 76